 Dungeon Crawl Stone Soup version 0.18.1-6-gd335043 (webtiles) character file.

22391 HungrySpirit the Cleaver (level 12, 0/116 HPs)
             Began as a Deep Dwarf Artificer on May 18, 2016.
             Was an Elder of Pakellas.
             Engulfed by a fire crab's flame (2 damage)
             ... in a volcano.
             The game lasted 00:37:09 (12782 turns).

HungrySpirit the Cleaver (Deep Dwarf Artificer)    Turns: 12782, Time: 00:37:10

Health: 0/116      AC: 22    Str: 19    XL:     12   Next: 62%
Magic:  4/21       EV:  4    Int: 14    God:    Pakellas [****..]
Gold:   813        SH:  8    Dex: 13    Spells: 0 memorised, 11 levels left

rFire  + . .     SeeInvis .     i - +7 Screaming Sword
rCold  + . .     Gourm    .     a - +1 plate armour
rNeg   . . .     Faith    .     y - +0 shield {AC+3}
rPois  .         Spirit   .     e - +2 helmet
rElec  .         Dismiss  .     A - +0 cloak
rCorr  .         Reflect  .     (no gloves)
SustAt .         Harm     .     (no boots)
MR     +....                    (no amulet)
Stlth  ..........               P - ring of protection from cold
                                B - ring of protection from fire

@: very slightly contaminated, non-regenerating, hasted, very quick, somewhat
resistant to hostile enchantments, extremely unstealthy
A: damage resistance, recharge devices, slimy green scales 1, sense surroundings
3, slow regeneration 3, wild magic 1
a: Device Recharging, Quick Charge, Device Surge, Renounce Religion


You were in a volcano.
You worshipped Pakellas.
Pakellas was greatly pleased with you.
You were very hungry.

You visited 2 branches of the dungeon, and saw 13 of its levels.
You also visited: Volcano.

You collected 813 gold pieces.

Inventory:

Hand Weapons
 d - the +13 sword of the Doom Knight {pain, -Cast MR+}
   (You found it on level 7 of the Dungeon)

   In the hands of one skilled in necromantic magic, it inflicts extra damage on
   living creatures.
   It affects your resistance to hostile enchantments.
   It prevents spellcasting.
 i - the +7 Screaming Sword (weapon)
   (You found it on level 4 of the Dungeon)
 M - a +0 war axe
Missiles
 T - 3 throwing nets (quivered)
Armour
 a - a +1 plate armour (worn)
 e - a +2 helmet (worn)
 y - a +0 shield of protection (worn)
 A - a +0 cloak (worn)
Jewellery
 B - a ring of protection from fire (left hand)
 F - an uncursed ring of protection from cold
 K - an uncursed ring of flight
 L - an uncursed ring of wizardry
 P - a ring of protection from cold (right hand)
Wands
 f - a wand of heal wounds (0/9)
 q - a wand of digging (6/24)
 u - a wand of iceblast (2/15)
 v - a wand of disintegration (2/24)
 D - a wand of teleportation (1/9)
 H - a wand of paralysis (2/24)
Scrolls
 b - 8 scrolls of teleportation
 c - 3 scrolls of remove curse
 h - 2 scrolls of enchant armour
 o - a scroll of fear
 r - 3 scrolls of enchant weapon
 x - 2 scrolls of immolation
 G - 2 scrolls of blinking
 N - 2 scrolls of fog
 U - a scroll of identify
Potions
 l - 2 potions of haste
 m - a potion of invisibility
 n - a potion of cure mutation
 z - 2 potions of mutation
 C - 2 potions of cancellation
 E - 2 potions of berserk rage
 I - a potion of lignification
Miscellaneous
 t - a sack of spiders {used: 4}
 w - a fan of gales (inert)
Comestibles
 g - 9 bread rations
 k - 9 meat rations
 p - a beef jerky
 O - 5 fruits
 S - a slice of pizza


   Skills:
 + Level 9.6 Fighting
   Level 0.8(3.8) Short Blades
 * Level 6.6(6.7) Long Blades
 - Level 13.9 Axes
 + Level 5.0 Armour
 - Level 2.1 Dodging
 - Level 1.2 Stealth
 + Level 1.0 Shields
 + Level 13.5 Evocations


You had 11 spell levels left.
You didn't know any spells.

Dungeon Overview and Level Annotations

Branches:
Dungeon (11/15)            Temple (0/1) D:5            Lair (2/8) D:11
    Orc (0/2) D:10

Altars:
Elyvilon
Kikubaaqudgha
Makhleb
Pakellas
Qazlal
Sif Muna
Trog
Xom

Shops:
D:8 *

Annotations:
D:11 Zebura's ghost, journeyman OgBe Volcano exclusion: 6 statues


Innate Abilities, Weirdness & Mutations

You are resistant to damage.
You can recharge devices by infusing magical energy.
You passively map a large area around you.
You do not regenerate naturally.
You are partially covered in slimy green scales (AC +2).
Your spells are a little harder to cast, but a little more powerful.


Message History

The fire crab is heavily wounded.
You are engulfed in roaring flames.
You resist.
* * * LOW HITPOINT WARNING * * *
The fire crab breathes flames at you. The blast of flame engulfs you!
A fire bat comes into view.
You hit the fire crab.
The fire crab is heavily wounded.
You are engulfed in roaring flames.
You resist.
* * * LOW HITPOINT WARNING * * *
The fire crab bites you but does no damage.
The fire crab claws you.
* * * LOW HITPOINT WARNING * * *
You are engulfed in flames!
You resist.
* * * LOW HITPOINT WARNING * * *
You slash the fire crab!
The fire crab is almost dead.
You are engulfed in roaring flames.
You resist.
You die...
Pakellas says: Time to start the next experiment...

* , * , ≈ ≈ * * * , ≈ *
,,, , , ,≈ ≈§§§≈ , , ,
§≈≈≈≈§≈≈≈ , ,
..≈≈≈§≈§≈≈ #########.#*
..≈≈≈≈≈≈≈ #.§§§§@tbb#*
#..§≈≈§§§ #.§§§§§#l##
###...§≈§§§
#.≈≈§§#######8....≈≈≈§≈
#.≈≈###...'.......≈≈§§§
#.≈##8#.#####8.....≈≈§≈
#.≈#8#.## ####....§§≈
#.###.#8# ####..§.
##.#.#8## #..##
#8.#.### ####


You could see a fire crab, a komodo dragon and 2 fire bats.

Vanquished Creatures
  The ghost of HungrySpirit the Experimenter, a journeyman KoAr of Pakellas (D:11)
  2 centaur warriors
  2 hill giants (D:10)
  A wizard (D:11)
  12 elephants
  2 spiny frogs (Lair:2)
  Sigmund (D:4)
  3 komodo dragons
  A merfolk (D:9)
  A troll (D:10)
  A two-headed ogre (D:9)
  3 blink frogs (Lair:2)
  18 yaks
  Eustachio (D:6)
  A basilisk (Lair:1)
  4 fire bats (Volcano)
  4 hippogriffs
  Grum (Lair:1)
  5 water moccasins
  4 porcupines
  4 orc warriors
  3 sky beasts
  A black bear (D:8)
  2 wasps (D:11)
  8 ogres
  A necrophage (D:7)
  An ice beast (D:10)
  A phantom (D:7)
  4 centaurs
  4 wolves (Lair:1)
  6 crocodiles
  2 big kobolds
  4 giant frogs
  A water moccasin zombie (D:9)
  8 scorpions
  8 killer bees
  2 wights (D:6)
  A howler monkey (D:7)
  8 lava snakes (Volcano)
  A crimson imp (D:10)
  A giant frog zombie (D:6)
  A centaur zombie (D:8)
  3 giant frog skeletons
  3 hounds
  3 jellies
  Crazy Yiuf (D:4)
  2 orc priests
  6 iguanas
  3 orc wizards
  8 worker ants
  A killer bee zombie (D:9)
  A hound skeleton (D:6)
  3 worker ant zombies
  7 adders
  9 river rats (Lair:1)
  A shadow imp (D:9)
  2 oozes (D:2)
  An adder zombie (D:4)
  2 worms (D:3)
  2 dart slugs
  2 giant geckos (D:8)
  31 orcs
  11 bats
  7 giant cockroaches
  7 goblins
  7 hobgoblins
  10 jackals
  21 kobolds
  4 quokkas
  4 ball pythons
  5 giant newts
  A quokka skeleton (D:5)
  6 rats
314 creatures vanquished.

Vanquished Creatures (collateral kills)
  Harold (D:11)
  A hill giant (D:11)
  A centaur skeleton (D:11)
  2 blink frogs (Lair:2)
  3 yaks (D:11)
  A wight (D:6)
9 creatures vanquished.

Vanquished Creatures (others)
  Blork the orc (D:4)
  2 wights (D:6)
3 creatures vanquished.

Grand Total: 326 creatures vanquished

Notes
Turn   | Place    | Note
--------------------------------------------------------------
     0 | D:1      | HungrySpirit the Deep Dwarf Artificer began the quest for the Orb.
     0 | D:1      | Reached XP level 1. HP: 16/16 MP: 3/3
    94 | D:1      | Reached skill level 1 in Fighting
   107 | D:1      | Reached XP level 2. HP: 20/25 MP: 5/5
   393 | D:1      | Reached skill level 1 in Armour
   790 | D:1      | Reached XP level 3. HP: 26/32 MP: 6/6
  1503 | D:2      | Reached skill level 1 in Axes
  1590 | D:2      | Reached XP level 4. HP: 24/39 MP: 7/7
  1922 | D:3      | Reached skill level 5 in Evocations
  1975 | D:3      | Found a bloodstained altar of Trog.
  1976 | D:3      | Found a stormy altar of Qazlal.
  2080 | D:3      | Reached XP level 5. HP: 20/46 MP: 8/8
  2338 | D:3      | Noticed a centaur
  2338 | D:3      | an iguana changed into a centaur
  2340 | D:3      | Killed a centaur
  2539 | D:4      | Reached XP level 6. HP: 19/55 MP: 10/10
  2678 | D:4      | Noticed Blork the orc
  2685 | D:4      | Noticed Sigmund
  2691 | D:4      | Your ally died
  2704 | D:4      | Killed Sigmund
  2704 | D:4      | Reached skill level 5 in Axes
  2704 | D:4      | Reached XP level 7. HP: 28/62 MP: 11/11
  3091 | D:4      | Noticed Crazy Yiuf
  3099 | D:4      | Killed Crazy Yiuf
  3429 | D:5      | Entered Level 5 of the Dungeon
  3489 | D:5      | Found a deep blue altar of Sif Muna.
  3490 | D:5      | Found an ancient bone altar of Kikubaaqudgha.
  3492 | D:5      | Found an oddly glowing altar of Pakellas.
  3492 | D:5      | Found a white marble altar of Elyvilon.
  3494 | D:5      | Found a shimmering altar of Xom.
  3495 | D:5      | Found a burning altar of Makhleb.
  3504 | D:5      | Became a worshipper of Pakellas the Inventive
  3560 | D:5      | Found a staircase to the Ecumenical Temple.
  4216 | D:6      | Reached XP level 8. HP: 20/72 MP: 13/13
  5024 | D:6      | Noticed Eustachio
  5067 | D:6      | Killed Eustachio
  5067 | D:6      | Reached skill level 5 in Fighting
  5458 | D:7      | Reached * piety under Pakellas
  5458 | D:7      | Received a gift from Pakellas
  5525 | D:7      | Gained mutation: You passively map the area around you. [Deep Dwarf growth]
  5525 | D:7      | Reached XP level 9. HP: 35/81 MP: 8/14
  5777 | D:7      | You fall through a shaft for 2 floors!
  6365 | D:8      | Found Icleam's General Store.
  6411 | D:8      | Noticed a centaur warrior
  6548 | D:7      | Gained mutation: You are partially covered in slimy green scales (AC +2). [mutagenic meat]
  6550 | D:7      | Gained mutation: Your spells are a little harder to cast, but a little more powerful. [mutagenic meat]
  6551 | D:7      | Gained mutation: You passively map a large area around you. [mutagenic meat]
  7055 | D:7      | Reached skill level 10 in Axes
  7618 | D:8      | Killed a centaur warrior
  7618 | D:8      | Reached skill level 10 in Evocations
  7897 | D:9      | Reached XP level 10. HP: 22/92 MP: 3/16
  8314 | D:9      | Reached ** piety under Pakellas
  8314 | D:9      | Received a gift from Pakellas
  8590 | D:10     | Entered Level 10 of the Dungeon
  9042 | D:10     | Noticed a hill giant
  9115 | D:10     | Killed a hill giant
  9369 | D:10     | Noticed a hill giant
  9380 | D:10     | Killed a hill giant
  9383 | D:10     | Found a staircase to the Orcish Mines.
  9708 | D:10     | Reached XP level 11. HP: 94/103 MP: 3/18
  9820 | D:11     | Noticed a wizard
  9828 | D:11     | Killed a wizard
  9871 | D:11     | Noticed a hill giant
  9900 | D:11     | Killed a hill giant
  9939 | D:11     | Reached *** piety under Pakellas
  9939 | D:11     | Received a gift from Pakellas
 10093 | D:11     | Noticed HungrySpirit's ghost (journeyman KoAr)
 10098 | D:11     | Killed HungrySpirit's ghost
 10145 | D:11     | Noticed Zebura's ghost (journeyman OgBe)
 10271 | D:11     | Noticed Harold
 10288 | D:11     | Killed Harold
 10362 | D:11     | Noticed a centaur warrior
 10394 | D:11     | Killed a centaur warrior
 10820 | D:11     | Found a staircase to the Lair.
 10898 | Lair:1   | Entered Level 1 of the Lair of Beasts
 11153 | Lair:1   | Reached skill level 1 in Long Blades
 11270 | Lair:1   | Noticed Grum
 11279 | Lair:1   | Killed Grum
 11729 | Lair:1   | Reached XP level 12. HP: 48/114 MP: 16/20
 11734 | Lair:1   | Reached **** piety under Pakellas
 11734 | Lair:1   | Received a gift from Pakellas
 12091 | Lair:1   | Reached skill level 5 in Long Blades
 12336 | Lair:2   | Identified a scroll of acquirement
 12511 | Lair:2   | Found a dark tunnel.
 12601 | Volcano  | Entered a volcano
 12694 | Volcano  | Reached skill level 5 in Armour
 12768 | Volcano  | Reached skill level 1 in Shields
 12781 | Volcano  | HP: 5/116 [fire crab (4)]
 12781 | Volcano  | HP: 2/116 [fire crab (3)]
 12782 | Volcano  | Engulfed by a fire crab's flame

Skill      XL: |  1  2  3  4  5  6  7  8  9 10 11 12 |
---------------+-------------------------------------+-----
Fighting       | 1 2 3 4 5 6 7 9 |  9.6
Armour         | 1 3 5 |  5.0
Axes           | 1 2 3 5 6 8 10 12 13 | 13.9
Evocations     | 5 6 7 8 10 11 12 13 | 13.5
Long Blades    | 3 6 |  6.6
Shields        | 1 |  1.0
Short Blades   | |  0.8
Dodging        | |  2.1
Stealth        | |  1.2

Action                   |  1- 3 |  4- 6 |  7- 9 | 10-12 || total
-------------------------+-------+-------+-------+-------++-------
Melee: Short sword       |   121 |       |       |       ||   121
       Hand axe          |    68 |   124 |   122 |       ||   314
       Double sword      |       |       |    97 |    75 ||   172
       War axe           |       |       |   247 |   530 ||   777
       Great sword       |       |       |       |   203 ||   203
Throw: Throwing net      |       |       |       |     3 ||     3
Invok: Quick Charge      |       |       |     8 |    21 ||    29
 Abil: Device Recharging |       |       |     1 |       ||     1
Evoke: Wand              |     2 |    31 |    31 |    62 ||   126
       Sack of spiders   |       |       |       |     6 ||     6
       Fan of gales      |       |       |       |     1 ||     1
  Use: Scroll            |       |       |     6 |    16 ||    22
       Potion            |       |       |    11 |     8 ||    19
 Stab: Paralysed         |       |       |    20 |    62 ||    82
       Held in net/web   |       |       |       |     1 ||     1
  Eat: Chunk             |     2 |     4 |    16 |    17 ||    39
       Fruit             |       |       |     4 |       ||     4
       Beef jerky        |       |       |     3 |     2 ||     5
Armor: Leather armour    |    23 |       |       |       ||    23
       Scale mail        |    85 |     1 |       |       ||    86
       Plate armour      |       |   107 |   405 |   561 ||  1073
Dodge: Dodged            |   138 |    38 |   166 |   183 ||   525
Block: Shield            |       |       |       |    34 ||    34
